 Dungeon Crawl Stone Soup version 0.26.0-10-g1f06aea511 (webtiles) character file.

Game seed: 12283439319365331688

18372 vatarom the Destroyer (level 12, -1/96 HPs)
             Began as a Red Draconian Conjurer on Jan 18, 2021.
             Was an Elder of Vehumet.
             Slain by a yak (3 damage)
             ... while petrified by a basilisk
             ... on level 2 of the Lair of Beasts.
             The game lasted 00:30:41 (15973 turns).

vatarom the Destroyer (Red Draconian Conjurer)     Turns: 15973, Time: 00:30:41

Health: -1/96      AC: 11    Str: 15    XL:     12   Next: 27%
Magic:  33/33      EV:  2    Int: 25    God:    Vehumet [****..]
Gold:   588        SH:  0    Dex: 12    Spells: 6/28 levels left

rFire    + . .     SeeInvis +   y - +8 dagger of Eternal Vigilance {speed, rN+ Str+4 Int+2}
rCold    . . .     Faith    .   (no shield)
rNeg     + + +     Spirit   .   (armour unavailable)
rPois    ∞         Reflect  .   (helmet restricted)
rElec    .         Harm     .   D - scarf {repulsion}
rCorr    .         Rampage  .   M - +2 pair of gloves {Dex+3}
Will     .....                  (no boots)
Stlth    ++........             K - amulet of magic regeneration
HPRegen  0.26/turn              i - ring of see invisible
MPRegen  0.48/turn              x - ring of magical power

@: petrified, repel missiles
A: breathe fire, unfitting armour, fire resistance 1, cold-blooded, AC +8
a: Breathe Fire, Renounce Religion


You were on level 2 of the Lair of Beasts.
You worshipped Vehumet.
Vehumet was greatly pleased with you.
You visited 3 branches of the dungeon, and saw 14 of its levels.

You collected 804 gold pieces.
You spent 216 gold pieces at shops.

Inventory:

Hand Weapons
 y - the +8 dagger of Eternal Vigilance (weapon) {speed, rN+ Str+4 Int+2}
   (You found it on level 5 of the Dungeon)

   Attacks with this weapon are significantly faster.
   It affects your strength (+4).
   It affects your intelligence (+2).
   It protects you from negative energy.
Missiles
 t - 7 atropa-tipped darts
 u - 8 poisoned darts
 F - 3 throwing nets {!f}
Armour
 D - a scarf of repulsion (worn)
 M - a +2 pair of gloves of dexterity (worn)
Jewellery
 c - an uncursed amulet of regeneration
 i - a ring of see invisible (left hand)
 p - a +4 ring of protection
 x - a ring of magical power (right hand)
 K - an amulet of magic regeneration (around neck)
 P - a +6 ring of intelligence {unknown}
Wands
 l - a wand of iceblast (20) {@v4}
 s - a wand of polymorph (15)
 v - a wand of flame (10)
 H - a wand of disintegration (6)
 R - a wand of random effects (26)
Scrolls
 a - 6 scrolls of remove curse {@r2}
 b - 6 scrolls of amnesia
 e - 3 scrolls of magic mapping
 f - 3 scrolls of teleportation {@r3}
 m - 3 scrolls of immolation
 n - 2 scrolls of enchant armour
 r - 3 scrolls of fog
 w - a scroll of holy word
 C - a scroll of enchant weapon
 E - 2 scrolls of identify {@r1}
 I - a scroll of vulnerability
 N - a scroll of blinking {unknown}
Potions
 d - a potion of flight
 g - 3 potions of might {@q4}
 h - 3 potions of curing {@q1}
 j - a potion of berserk rage {unknown}
 k - a potion of magic {unknown}
 o - 2 potions of cancellation {unknown}
 q - 2 potions of mutation
 z - a potion of invisibility {unknown}
 A - a potion of degeneration
 B - a potion of attraction {unknown}
 G - a potion of ambrosia {unknown}
 J - 2 potions of haste {@q3}
 L - 2 potions of heal wounds {@q2}
 O - a potion of resistance {unknown}
 Q - 2 potions of brilliance {unknown}
 S - a potion of lignification {unknown}


   Skills:
 - Level 6.0 Fighting
 + Level 6.2 Short Blades
 - Level 1.7 Dodging
 - Level 3.0 Stealth
 - Level 8.5 Spellcasting
 + Level 13.3 Conjurations
 - Level 3.0 Hexes
 - Level 5.0 Translocations
 - Level 4.8 Air Magic
 - Level 4.8 Poison Magic


You had 6 spell levels left.
You knew the following spells:

 Your Spells              Type           Power        Failure   Level
a - Magic Dart            Conj           100%         1%          1
b - Searing Ray           Conj           100%         1%          2
c - Dazzling Flash        Conj/Hex       100%         1%          3
d - Fulminant Prism       Conj/Hex       25%          1%          4
e - Mephitic Cloud        Conj/Pois/Air  49%          1%          3
f - Irradiate             Conj/Tmut      22%          3%          5
q - Iskenderun's Mystic   Conj/Tloc      54%          1%          4

Your spell library contained the following spells:

 Spells                   Type           Power        Failure   Level
 Apportation              Tloc           70%          1%          1
 Corona                   Hex            27%          1%          1
 Blink                    Tloc           N/A          1%          2
 Conjure Flame            Conj/Fire      44%          1%          3
 Slow                     Hex            25%          2%          2
 Gell's Gravitas          Tloc           17%          2%          3
 Confusing Touch          Hex            25%          4%          3
 Animate Skeleton         Necr           20%          6%          1
 Summon Small Mammal      Summ           40%          6%          1
 Call Imp                 Summ           10%          9%          2
 Yara's Violent Unravell  Hex/Tmut       9%           22%         5
 Petrify                  Tmut/Erth      10%          50%         4
 Metabolic Englaciation   Hex/Ice        9%           65%         5


Dungeon Overview and Level Annotations

Branches:
Dungeon (11/15)            Temple (1/1) D:7            Lair (2/6) D:10
    Orc (0/2) D:11
  Swamp: Lair:2-4    Shoals: Lair:2-4     Snake: Lair:2-4    Spider: Lair:2-4

Altars:
Ashenzari
Cheibriados
Dithmenos
Elyvilon
Fedhas
Gozag
Hepliaklqana
Kikubaaqudgha
Makhleb
Nemelex Xobeh
Qazlal
Ru
Sif Muna
Trog
Uskayaw
Vehumet
Wu Jian
Yredelemnul
Zin
The Shining One

Shops:
D:5 *   D:6 *   D:8 [   D:9 (

Annotations:
D:7 Harold
D:10 Gastronok


Innate Abilities, Weirdness & Mutations

You can breathe blasts of fire.
Your fiery red scales are hard. (AC +8)
You cannot fit into any form of body armour.
Your flesh is heat resistant. (rF+)
You are cold-blooded and may be slowed by cold attacks.


Message History

The basilisk gazes at you. You resist with some effort. The yak gores you!
The yak gores you. The yak gores you! The basilisk bites you.
The yak gores you. The yak gores you! The yak gores you but does no damage.
The basilisk bites you but does no damage.
The yak gores you!
* * * LOW HITPOINT WARNING * * *
The yak gores you!
* * * LOW HITPOINT WARNING * * *
The yak gores you.
* * * LOW HITPOINT WARNING * * *
The basilisk bites you.
* * * LOW HITPOINT WARNING * * *
The yak gores you but does no damage. x2; The yak gores you!
* * * LOW HITPOINT WARNING * * *
The basilisk bites you!
* * * LOW HITPOINT WARNING * * *
The yak gores you.
You die...

..#.# #############
...#.# #..#..##....#
>.....# ##......#....###.
.......##........P.......
.........................
..............÷÷.........
......)...Y..............
........l@Y............>.
..........Y..............
............##.......###.
####....#..####P#.####
######### #####


You could see 3 yaks and a basilisk.

Vanquished Creatures
  Erolcha (D:10)
  3 two-headed ogres
  Pikel (D:7)
  4 black mambas
  A centaur zombie (D:11)
  3 cane toads
  4 komodo dragons
  A polar bear (Lair:1)
  9 spriggans (D:9)
  19 yaks
  Grum (D:8)
  3 wargs (D:10)
  4 water moccasins
  3 orc warriors
  3 ice beasts
  4 sky beasts
  A necrophage (D:8)
  2 phantoms
  7 black bears
  5 ogres
  11 wolves
  7 centaurs
  A lemure (D:6)
  A big kobold (D:10)
  8 bullfrogs
  6 scorpions
  6 wights
  4 howler monkeys
  2 jellies
  16 orc wizards
  8 orc priests
  3 hounds
  2 centaur skeletons
  4 iguanas
  Natasha (thrice) (D:3)
  6 worker ants
  A worker ant zombie (D:9)
  10 gnolls
  A howler monkey skeleton (D:9)
  12 adders
  2 shadow imps (D:7)
  3 white imps
  9 ufetubi
  2 oozes
  An adder skeleton (D:7)
  A worm (D:4)
  3 dart slugs
  11 leopard geckos
  31 orcs
  4 bats
  7 giant cockroaches
  7 hobgoblins
  10 jackals
  12 kobolds
  5 quokkas
  2 ball pythons
  4 frilled lizards
  A giant cockroach zombie (D:6)
  9 goblins
  A jackal skeleton (D:9)
  10 rats
  A fulminant prism (D:10)
327 creatures vanquished.

Vanquished Creatures (others)
  A wizard (D:10)
  19 fulminant prisms
  4 fungi
  8 plants (Lair:1)
32 creatures vanquished.

Grand Total: 359 creatures vanquished

Notes
Turn   | Place    | Note
-------+----------+-------------------------------------------
     0 | D:1      | vatarom the Draconian Conjurer began the quest for the Orb.
     0 | D:1      | Reached XP level 1. HP: 14/14 MP: 3/3
     9 | D:1      | Noticed an electric eel
   149 | D:1      | Reached XP level 2. HP: 17/20 MP: 5/5
   584 | D:1      | Reached XP level 3. HP: 26/26 MP: 1/6
   635 | D:1      | Learned a level 2 spell: Searing Ray
  1610 | D:2      | Reached skill level 5 in Conjurations
  1614 | D:2      | Learned a level 3 spell: Dazzling Flash
  1673 | D:2      | Reached XP level 4. HP: 33/33 MP: 1/7
  2448 | D:3      | Noticed Natasha
  2451 | D:3      | Killed Natasha
  2452 | D:3      | Reached skill level 6 in Conjurations
  2452 | D:3      | Reached XP level 5. HP: 34/38 MP: 3/8
  2578 | D:3      | Noticed Natasha
  2582 | D:3      | Killed Natasha
  2656 | D:3      | Noticed Natasha
  2659 | D:3      | Killed Natasha
  3221 | D:4      | Reached XP level 6. HP: 45/45 MP: 2/9
  3585 | D:4      | Reached skill level 7 in Conjurations
  3650 | D:4      | Reached skill level 1 in Fighting
  4631 | D:5      | Entered Level 5 of the Dungeon
  4788 | D:5      | Your scales start taking on a fiery red colour.
  4788 | D:5      | Reached XP level 7. HP: 56/56 MP: 8/11
  4788 | D:5      | Gained mutation: Your flesh is heat resistant. (rF+) [Red
                  | Draconian growth]
  4923 | D:5      | Got an encrusted dagger
  4926 | D:5      | Identified the +8 dagger of Eternal Vigilance {speed, rN+
                  | Str+4 Int+2} (You found it on level 5 of the Dungeon)
  5059 | D:5      | Found a stormy altar of Qazlal.
  5383 | D:5      | Learned a level 4 spell: Fulminant Prism
  5627 | D:5      | Found Boehuh's Assorted Antiques.
  5702 | D:5      | Reached skill level 1 in Hexes
  5866 | D:6      | Reached XP level 8. HP: 66/66 MP: 11/15
  5949 | D:6      | Reached skill level 5 in Spellcasting
  6180 | D:6      | Found a glowing silver altar of Zin.
  6183 | D:6      | Found Zin's Purification Station.
  6197 | D:6      | Reached skill level 1 in Short Blades
  6202 | D:6      | Learned a level 4 spell: Iskenderun's Mystic Blast
  6249 | D:6      | Found a glowing silver altar of Zin.
  6265 | D:6      | Reached skill level 8 in Conjurations
  6265 | D:6      | Reached skill level 1 in Translocations
  6966 | D:7      | Found a glowing golden altar of the Shining One.
  7111 | D:7      | Found a staircase to the Ecumenical Temple.
  7121 | D:7      | Reached XP level 9. HP: 71/71 MP: 8/16
  7128 | Temple   | Entered the Ecumenical Temple
  7359 | Temple   | Became a worshipper of Vehumet
  7464 | D:6      | Reached skill level 9 in Conjurations
  7851 | D:7      | Noticed Pikel
  7867 | D:7      | Killed Pikel
  7868 | D:7      | Reached skill level 10 in Conjurations
  8239 | D:7      | Reached * piety under Vehumet
  8239 | D:7      | Offered knowledge of Shock by Vehumet.
  8479 | D:8      | Noticed Harold
  8646 | D:8      | Noticed Grum
  8920 | D:8      | Reached skill level 11 in Conjurations
  9360 | D:8      | Reached XP level 10. HP: 68/78 MP: 17/17
  9473 | D:8      | Found Gutoam's Antique Armour Shoppe.
  9655 | D:8      | Bought a runed scarf for 216 gold pieces
  9996 | D:8      | Killed Grum
 10079 | D:8      | Found a shadowy altar of Dithmenos.
 10248 | D:9      | Found Keptuc's Weapon Shop.
 10450 | D:9      | Offered knowledge of Freeze by Vehumet.
 10456 | D:9      | Reached ** piety under Vehumet
 10916 | D:9      | Noticed a two-headed ogre
 10997 | D:9      | Reached skill level 5 in Translocations
 11102 | D:9      | Killed a two-headed ogre
 11103 | D:9      | Reached skill level 12 in Conjurations
 11116 | D:9      | Noticed a two-headed ogre
 11127 | D:9      | Killed a two-headed ogre
 11128 | D:9      | Reached XP level 11. HP: 84/84 MP: 4/23
 11559 | D:9      | Offered knowledge of Mephitic Cloud by Vehumet.
 11734 | D:9      | Learned a level 3 spell: Mephitic Cloud
 11877 | D:10     | Entered Level 10 of the Dungeon
 11877 | D:10     | Noticed Erolcha
 12082 | D:10     | Found a bloodstained altar of Trog.
 12085 | D:10     | Noticed a wizard
 12090 | D:10     | Killed a wizard
 12142 | D:10     | Reached skill level 1 in Air Magic
 12142 | D:10     | Reached skill level 1 in Poison Magic
 12222 | D:10     | Killed Erolcha
 12226 | D:10     | Reached *** piety under Vehumet
 12431 | D:10     | Identified a scroll of acquirement
 12431 | D:10     | Acquired a book of Minor Magic
 12449 | D:10     | Noticed Gastronok
 12657 | D:10     | Noticed a two-headed ogre
 12677 | D:10     | Killed a two-headed ogre
 12950 | D:10     | Found a staircase to the Lair.
 13442 | D:11     | Offered knowledge of Airstrike by Vehumet.
 13547 | D:11     | Found a staircase to the Orcish Mines.
 13624 | Lair:1   | Entered Level 1 of the Lair of Beasts
 13684 | Lair:1   | Reached **** piety under Vehumet
 14118 | Lair:1   | Reached skill level 5 in Fighting
 14191 | Lair:1   | Offered knowledge of Irradiate by Vehumet.
 14198 | Lair:1   | Learned a level 5 spell: Irradiate
 14387 | Lair:1   | Reached XP level 12. HP: 95/95 MP: 24/24
 14623 | Lair:1   | Reached skill level 5 in Short Blades
 14841 | Lair:1   | Reached skill level 13 in Conjurations
 15972 | Lair:2   | HP: 1/96 [basilisk (5)]
 15973 | Lair:2   | Slain by a yak

Illustrated notes

Levels and vault maps discovered:
D:1:      arrival_aquarium_a, layout_loops_ring
D:2:      layout_loops_cross, minmay_circle_x
D:3:      layout_loops_ring, uniq_natasha
D:4:      layout_gridville
D:5:      layout_loops_ring, kennysheep_mini, serial_shops,
          nicolae_shop_crystal, minivault_19
D:6:      layout_cave_pools, zin_purify, basic_altar
D:7:      layout_rooms, lemuel_crystal_altar, minmay_temple_entry_butterflies,
          uniq_pikel
D:8:      layout_basic, nicolae_dithmenos_through_a_glass_darkly, serial_shops,
          shop, uniq_grum, uniq_harold
D:9:      kb_forest_paths, layout_basic, serial_shops, shop_fountains,
          grunt_decor_junction
D:10:     layout_basic, erik_lair_orcish_takeover, trog_wizard, uniq_gastronok,
          uniq_erolcha
D:11:     layout_layer_cave, orc_0_dummy, corexii_leaking_fountain,
          minmay_ruined_shrine
Temple:   dpeg_five_rooms_temple
Lair:1:   layout_cave_shapes, chequers_serial_rivers_room_a,
          minmay_shattered_shrine
Lair:2:   regret_index_combs_of_tragedy, layout_cave_shapes,
          ebering_ghost_inner_flame

Skill      XL: |  1  2  3  4  5  6  7  8  9 10 11 12 |
---------------+-------------------------------------+-----
Stealth        | 2 3 |  3.0
Conjurations   | 5 6 7 8 11 12 13 | 13.3
Fighting       | 2 4 5 6 |  6.0
Spellcasting   | 3 4 5 8 |  8.5
Hexes          | 2 3 |  3.0
Short Blades   | 3 4 6 |  6.2
Translocations | 3 5 |  5.0
Air Magic      | 4 |  4.8
Poison Magic   | 4 |  4.8
Dodging        | |  1.7

Action                   |  1- 3 |  4- 6 |  7- 9 | 10-12 || total
-------------------------+-------+-------+-------+-------++-------
Melee: Unarmed           |     7 |       |       |       ||     7
       Dagger            |    32 |    38 |   190 |   268 ||   528
       Tailslap          |     4 |     5 |    22 |    34 ||    65
Throw: Dart              |       |    15 |    14 |       ||    29
 Cast: Magic Dart        |    59 |   114 |   116 |   151 ||   440
       Searing Ray       |     1 |     6 |     7 |     6 ||    20
       Dazzling Flash    |       |       |    15 |    19 ||    34
       Iskenderun's Myst |       |       |    18 |    68 ||    86
       Fulminant Prism   |       |       |     6 |    14 ||    20
       Mephitic Cloud    |       |       |       |     4 ||     4
       Irradiate         |       |       |       |    12 ||    12
 Abil: Breathe Fire      |       |       |     6 |     4 ||    10
Evoke: Wand              |       |       |       |     7 ||     7
  Use: Scroll            |       |    10 |    10 |     7 ||    27
       Potion            |       |       |       |     6 ||     6
 Stab: Sleeping          |     2 |     2 |       |     3 ||     7
       Invisible         |       |       |     3 |     4 ||     7
       Distracted        |       |       |       |     1 ||     1
Armor: Skin              |    12 |    12 |    64 |    77 ||   165
Dodge: Dodged            |    24 |    34 |   150 |   173 ||   381
       Repelled          |       |       |       |     1 ||     1
